 Dungeon Crawl Stone Soup version 0.22-a0-406-g9ff8d77 (webtiles) character file.

1865 Borgoz the Chopper (level 9, -3/84 HPs)
             Began as a Gargoyle Abyssal Knight on May 8, 2018.
             Was an Elder of Lugonu.
             Incinerated by zero's ghost (8 damage)
             ... with a sticky flame
             ... on level 6 of the Dungeon.
             The game lasted 00:10:49 (5533 turns).

Borgoz the Chopper (Gargoyle Abyssal Knight)        Turns: 5533, Time: 00:10:49

Health: -3/84      AC: 26    Str: 22    XL:     9   Next: 13%
Magic:  10/10      EV:  2    Int: 12    God:    Lugonu [****..]
Gold:   372        SH:  0    Dex: 12    Spells: 8/8 levels left

rFire    . . .     SeeInvis .   A - +0 hand axe (venom)
rCold    . . .     Gourm    .   (no shield)
rNeg     + + +     Faith    .   (armour currently unavailable)
rPois    ∞         Spirit   .   (helmet currently unavailable)
rElec    .         Reflect  .   (cloak currently unavailable)
rCorr    .         Harm     .   (gloves currently unavailable)
MR       .....     NoTele   +   (boots currently unavailable)
Stlth    +.........             (no amulet)
HPRegen  0.24/turn              p - ring of wizardry
MPRegen  0.12/turn              y - +2 ring of protection

@: mighty, liquid flames, tree-form, glowing
A: negative energy resistance 1, petrification resistance, rot immunity, AC +6
a: Depart the Abyss, Bend Space, Banish, Corrupt, Renounce Religion


You were on level 6 of the Dungeon.
You worshipped Lugonu.
Lugonu was greatly pleased with you.
You were not hungry.
You were a tree.
You visited 2 branches of the dungeon, and saw 8 of its levels.
You visited the Abyss 1 time.

You collected 372 gold pieces.

Inventory:

Hand Weapons
 b - a +3 quarterstaff of chaos
 A - a +0 hand axe of venom (weapon)
 B - a cursed +0 mace
Missiles
 w - a throwing net (quivered)
Armour
 d - the +1 chain mail of the Vanishing Beggars (melded) {rN++ Regen+ rCorr Int-3}
   (You found it on level 2 of the Abyss)

   It affects your intelligence (-3).
   It greatly protects you from negative energy.
   It increases your rate of regeneration.
   It protects you from acid and corrosion.
 k - a +0 plate armour
 r - a scarf of spirit shield (melded)
Jewellery
 p - a ring of wizardry (left branch)
 y - a +2 ring of protection (right branch)
Wands
 f - a wand of digging (17)
Scrolls
 g - 2 scrolls of fog
 h - 3 scrolls of enchant armour {unknown}
 i - 3 scrolls of remove curse
 l - 2 scrolls of amnesia {unknown}
 m - a scroll of immolation {unknown}
 n - 2 scrolls of random uselessness {unknown}
 q - a scroll of fear {unknown}
 s - 2 scrolls of blinking {unknown}
 t - 5 scrolls of enchant weapon {unknown}
 v - 4 scrolls of teleportation {unknown}
 z - a scroll of magic mapping
Potions
 a - 2 potions of flight
 j - a potion of magic
 o - a potion of mutation
 u - a potion of brilliance
Comestibles
 c - 13 rations


   Skills:
 + Level 6.5 Fighting
 + Level 7.9 Axes
 + Level 6.2 Armour
 + Level 2.0 Dodging
 + Level 2.2 Invocations


You had 8 spell levels left.
You didn't know any spells.

Dungeon Overview and Level Annotations

Branches:
Dungeon (7/15)             Temple (1/1) D:6

Altars:
Ashenzari
Cheibriados
Dithmenos
Elyvilon
Fedhas
Gozag
Hepliaklqana
Kikubaaqudgha
Makhleb
Nemelex Xobeh
Okawaru
Qazlal
Ru
Sif Muna
Trog
Uskayaw
Vehumet
Wu Jian
Xom
Yredelemnul
Zin
The Shining One

Annotations:
D:6 zero's ghost, novice GrFE


Innate Abilities, Weirdness & Mutations

You are resistant to torment.
((Your stone body is resilient. (AC +6)))
You are immune to poison.
You resist negative energy. (rN+)
((You are resistant to electric shocks. (rElec)))
((You can survive without breathing.))
You are immune to petrification.
You are immune to rotting.


Message History

You barely miss zero's ghost.
Zero's ghost is lightly damaged.
You are covered in liquid flames!
* * * LOW HITPOINT WARNING * * *
Zero's ghost hits you but does no damage.
You slash zero's ghost!
Zero's ghost is moderately damaged.
You are covered in liquid flames!
* * * LOW HITPOINT WARNING * * *
Zero's ghost hits you but does no damage.
You slash zero's ghost!
Zero's ghost is heavily damaged.
You are covered in liquid flames!
* * * LOW HITPOINT WARNING * * *
Zero's ghost hits you but does no damage.
Press: ? - help, Shift-Dir - straight line, f - zero's ghost
Aim: zero's ghost (heavily damaged, chance to defeat MR: 50%)
You fail to use your ability.
You are covered in liquid flames!
You die...

.##.<.######......###..#.#...# #.
###.### #...........#.##### ##
##...# ##.....#######.# #####
...#.# #....(..# #.# #.... ##...#
#.......######.####.### ##.##
#...........##........#
###.#######.#####.###.#######.#..
....#(.....)#####.# #.# #.###
#####.##.......W♣.# #.# #.###
##..##.##.##.##.###.# #....
#......##.##........# #####
##..............##..#
#........##........######
#.#####.###.#####.......#
#....##.###.#####.#####.#
#(##.##........#.#.####.#
#.##.##.........###.....#


You could see zero's ghost.

Vanquished Creatures
  A hippogriff (D:7)
  Menkaure (D:6)
  2 ice beasts
  2 ogres
  A sky beast (D:6)
  A scorpion (D:6)
  A water moccasin skeleton (D:7)
  4 howler monkeys
  A crimson imp (D:6)
  2 bullfrog zombies
  A hound (D:7)
  2 jellies (D:7)
  5 orc wizards
  A centaur skeleton (D:4)
  4 orc priests
  Crazy Yiuf (D:6)
  5 worker ants
  A hound zombie (D:4)
  A worker ant zombie (D:6)
  3 adders
  A gnoll (D:1)
  An ooze (D:1)
  An adder skeleton (D:6)
  6 worms
  12 leopard geckos
  35 orcs
  4 giant cockroaches
  12 goblins
  9 hobgoblins
  14 jackals
  2 quokkas (D:3)
  13 bats
  5 frilled lizards
  6 kobolds
  A quokka skeleton (D:5)
  A quokka zombie (D:6)
  7 rats
170 creatures vanquished.

Notes
Turn   | Place    | Note
-------+----------+-------------------------------------------
     0 | Abyss:1  | Borgoz the Gargoyle Abyssal Knight began the quest for the Orb.
     0 | Abyss:1  | Reached XP level 1. HP: 14/14 MP: 2/2
    18 | Abyss:2  | Got a warped chain mail
    21 | Abyss:2  | Noticed a large abomination
    21 | D:1      | Escaped the Abyss
    32 | D:1      | Identified the cursed +1 chain mail of the Vanishing Beggars {rN++ Regen+ rCorr Int-3} (You found it on level 2 of the Abyss)
   158 | D:1      | Reached skill level 2 in Axes
   158 | D:1      | Reached XP level 2. HP: 19/19 MP: 3/3
   212 | D:1      | Reached * piety under Lugonu
   366 | D:1      | Reached XP level 3. HP: 19/23 MP: 4/4
   772 | D:2      | Found a hazy altar of Hepliaklqana.
   806 | D:2      | Reached XP level 4. HP: 26/29 MP: 5/5
   827 | D:2      | Reached skill level 3 in Axes
   852 | D:2      | Reached ** piety under Lugonu
  1422 | D:3      | Reached XP level 5. HP: 33/33 MP: 6/6
  1465 | D:3      | Reached skill level 1 in Dodging
  1675 | D:3      | Reached skill level 4 in Axes
  1678 | D:3      | Reached *** piety under Lugonu
  1731 | D:3      | Found a shadowy altar of Dithmenos.
  2271 | D:4      | Found a glowing golden altar of the Shining One.
  2367 | D:4      | Reached XP level 6. HP: 38/39 MP: 5/7
  2677 | D:5      | Entered Level 5 of the Dungeon
  2759 | D:5      | Noticed an ice beast
  2781 | D:5      | Killed an ice beast
  2781 | D:5      | Reached skill level 5 in Axes
  2781 | D:5      | Reached XP level 7. HP: 9/44 MP: 1/8
  3794 | D:6      | Noticed zero's ghost (novice GrFE)
  3809 | D:6      | Reached skill level 5 in Fighting
  3919 | D:6      | Reached **** piety under Lugonu
  3971 | D:6      | Noticed Menkaure
  4110 | D:7      | Reached skill level 6 in Axes
  4133 | D:7      | Noticed a hippogriff
  4149 | D:7      | Killed a hippogriff
  4149 | D:7      | Reached skill level 5 in Armour
  4149 | D:7      | Reached XP level 8. HP: 48/50 MP: 7/9
  4224 | D:6      | Found a staircase to the Ecumenical Temple.
  4229 | Temple   | Entered the Ecumenical Temple
  4507 | D:6      | Found a runed door.
  4542 | D:6      | Reached skill level 7 in Axes
  4912 | D:6      | Found a bloodstained altar of Trog.
  5007 | D:6      | Killed Menkaure
  5007 | D:6      | Reached XP level 9. HP: 47/55 MP: 7/10
  5228 | D:6      | Noticed Crazy Yiuf
  5232 | D:6      | Killed Crazy Yiuf
  5532 | D:6      | HP: 4/84 [burnt (4)]
  5533 | D:6      | Incinerated by zero's ghost

Vault maps used:
D:1:      lemuel_arrival_river_ford
D:2:      lemuel_round_altar, serial_bayou_pond_b
D:3:      nicolae_dithmenos_through_a_glass_darkly, minmay_stone_trees_small
D:4:      overflow_temple_1_default, first_ration, minmay_misc_feat_encased
D:6:      marbit_many_paths, minmay_temple_entry_from_below_a,
          uniq_crazy_yiuf_cottage, uniq_menkaure
Temple:   compressed_dpeg_circular_temple

Skill      XL: |  1  2  3  4  5  6  7  8 |
---------------+-------------------------+-----
Axes           | 2 3 4 5 6 7 |  7.9
Fighting       | 4 5 6 |  6.5
Dodging        | 1 2 |  2.0
Armour         | 3 5 6 |  6.2
Invocations    | |  2.2

Action                   |  1- 3 |  4- 6 |  7- 9 || total
-------------------------+-------+-------+-------++-------
Melee: Hand axe          |    93 |   356 |   227 ||   676
Invok: Depart the Abyss  |     1 |       |       ||     1
  Use: Scroll            |       |       |    10 ||    10
       Potion            |       |       |     4 ||     4
  Eat: Chunk             |       |     7 |     4 ||    11
       Ration            |       |       |     2 ||     2
Armor: Chain mail        |   109 |   306 |   144 ||   559
       Skin              |       |       |    16 ||    16
Dodge: Dodged            |    64 |   184 |    80 ||   328

Table legend:
 A = Spawn XP
 B = Non-spawn XP
 C = Spawn XP percentage of total XP
 D = Spawn monster count
 E = Non-spawn monster count
 F = Spawn count percentage of total count
 G = Total turns spent on level
                    A         B        C        D         E        F      G
               +---------+---------+-------+---------+---------+-------+---------
         Total |       0 |    2665 |   0.0 |       0 |     170 |   0.0 |  5533
               +---------+---------+-------+---------+---------+-------+---------
           D:1 |       0 |      64 |   0.0 |       0 |      28 |   0.0 |   731
           D:2 |       0 |      71 |   0.0 |       0 |      22 |   0.0 |   646
           D:3 |       0 |     155 |   0.0 |       0 |      43 |   0.0 |   829
           D:4 |       0 |     195 |   0.0 |       0 |      26 |   0.0 |   450
           D:5 |       0 |     197 |   0.0 |       0 |      11 |   0.0 |  1092
           D:6 |       0 |    1001 |   0.0 |       0 |      25 |   0.0 |  1276
           D:7 |       0 |     982 |   0.0 |       0 |      15 |   0.0 |   363
               +---------+---------+-------+---------+---------+-------+---------
